 Dungeon Crawl Stone Soup version 0.30-a0-778-g2ef04afb54 (webtiles) character file.

Game seed: 13392893109818688096

45 funkygono the Firebug (level 3, 0/19 HPs)
             Began as a Gargoyle Fire Elementalist on Feb 16, 2023.
             Slain by an ogre
             ... wielding a +0 giant club
              (19 damage)
             ... on level 2 of the Dungeon.
             The game lasted 00:02:31 (1678 turns).

funkygono the Firebug (Gargoyle Fire Elementalist)  Turns: 1678, Time: 00:02:32

Health: 0/19       AC:  5    Str: 11    XL:     3   Next: 64%
Magic:  0/6        EV: 10    Int: 17    God:
Gold:   97         SH: 11    Dex: 10    Spells: 0/6 levels left

rFire   . . .      SeeInvis .    e - +0 whip
rCold   . . .      Faith    .    l - +5 Storm Queen's Shield {shock, Fly rElec}
rNeg    + . .      Spirit   .    a - +0 robe
rPois   ∞          Reflect  .    (no helmet)
rElec   +          Harm     .    (no cloak)
rCorr   .          Rampage  .    (no gloves)
Will    .....                    (no boots)
Stlth   ++                       j - amulet of regeneration
HPRegen 1.03/turn                (no ring)
MPRegen 0.10/turn                (no ring)

@: flying
A: sickness immunity, AC +3, negative energy resistance 1, electricity
resistance, torment resistance 1, petrification resistance
a: no special abilities


You were on level 2 of the Dungeon.
You visited 1 branch of the dungeon, and saw 3 of its levels.

You collected 97 gold pieces.

Inventory:

Hand Weapons
 e - a +0 whip (weapon)
Armour
 a - a +0 robe (worn)
 h - the -2 cloak "Peffunau" {Will- Str+3 Dex+2}
   (You found it on level 2 of the Dungeon)

   Str:       It affects your strength (+3).
   Dex:       It affects your dexterity (+2).
   Will:      It decreases your willpower.
 l - the +5 Storm Queen's Shield (worn) {shock, Fly rElec}
   (You found it on level 2 of the Dungeon)

   Shock:     When it blocks an attack, it may electrocute the attacker.
   This works even against foes who are a short distance away.
   rElec:     It insulates you from electricity.
   Fly:       It grants you flight.
Jewellery
 j - an amulet of regeneration (around neck)
Scrolls
 d - a scroll of blinking {unknown}
 f - 3 scrolls of identify {unknown}
 i - a scroll of enchant weapon {unknown}
 k - a scroll of teleportation {unknown}
Potions
 b - 3 potions of magic
 c - a potion of attraction {unknown}
 g - a potion of might {unknown}


   Skills:
 + Level 1.7 Dodging
 - Level 2.1 Stealth
 + Level 2.4 Spellcasting
 + Level 1.5 Conjurations
 + Level 3.9 Fire Magic


You couldn't memorise any spells.
You knew the following spells:

 Your Spells              Type           Power      Damage    Failure   Level
a - Foxfire               Conj/Fire      44%        2x1d6     22%         1
b - Scorch                Fire           30%        2d6       21%         2
c - Kindle Blastsparks    Fire/Tloc/Air  12%        2d11      75%         3

Your spell library contained the following spells:

 Spells                   Type           Power      Damage    Failure   Level
 Inner Flame              Hex/Fire       8%         N/A       65%         3
 Hailstorm                Conj/Ice       4%         3d4       83%         3
 Flame Wave               Conj/Fire      11%        2d6       91%         4
 Ice Form                 Ice/Tmut       2%         N/A       100%        4
 Simulacrum               Ice/Necr       1%         N/A       100%        6


Dungeon Overview and Level Annotations

Branches:
Dungeon (3/15)

Altars:
The Shining One

Shops:
D:1 =


Innate Abilities, Weirdness & Mutations

You are immune to sickness and miasma.
Your stone body is resilient. (AC +3)
You are immune to poison.
You resist negative energy. (rN+)
You are resistant to electric shocks. (rElec)
You are resistant to unholy torment.
You are immune to petrification.


Message History

The foxfire hits the ogre.
The ogre is lightly wounded.
Casting: Foxfire (safe; 22% risk of failure)
Confirm with . or Enter, or press ? or * to list all spells.
You conjure some foxfire!
Casting: Foxfire (safe; 22% risk of failure)
Confirm with . or Enter, or press ? or * to list all spells.
You conjure some foxfire!
The foxfire hits the ogre.
The ogre is lightly wounded.
The foxfire hits the bat but does no damage.
Casting: Foxfire (safe; 22% risk of failure)
Confirm with . or Enter, or press ? or * to list all spells.
You conjure some foxfire!
The foxfire hits the bat.
You kill the bat!
The foxfire hits the ogre.
The ogre is moderately wounded.
The foxfire hits the ogre.
The ogre is moderately wounded.
Casting: Foxfire (safe; 22% risk of failure)
Confirm with . or Enter, or press ? or * to list all spells.
You don't know that spell.
Sorry, you're not good enough to have a special ability.
The foxfire hits the ogre.
The ogre is moderately wounded.
You fly upwards.
There is a stone staircase leading down here.
The ogre attacks as you move away! The ogre misses you.
Your magical contamination has completely faded away.
Casting: Foxfire (safe; 22% risk of failure)
Confirm with . or Enter, or press ? or * to list all spells.
You conjure some foxfire!
You hit the ogre.
The ogre is heavily wounded.
The foxfire hits the ogre.
The ogre is heavily wounded.
The foxfire hits the ogre.
The ogre is severely wounded.
The ogre hits you with a +0 giant club!!
Ouch! That really hurt!
You die...

#......# #.. #......# #..
#####..._..## #..
##...........## #..
##.............## #..
#...............# #### #..
###...............# #..######
#.......÷.....§...######....##
#..............@O..>....##...###
#.......................###....÷
#..................)............
#.......................###..#..
#.........#.....................
#.......#####>..###.########.#..
#.......# ##..# #.### #......
#.......# #..# #...# #......
######### #..###...# #......


You could see an ogre.

Vanquished Creatures
  An adder (D:2)
  A worm (D:2)
  A dart slug (D:2)
  4 ball pythons
  2 endoplasms (D:2)
  A giant cockroach (D:1)
  2 goblins
  3 hobgoblins (D:1)
  5 kobolds
  5 bats
  2 frilled lizards
  5 rats
32 creatures vanquished.

Vanquished Creatures (others)
  97 foxfires
  4 toadstools (D:1)
101 creatures vanquished.

Grand Total: 133 creatures vanquished

Notes
Turn   | Place    | Note
-------+----------+-------------------------------------------
     0 | D:1      | funkygono the Gargoyle Fire Elementalist began the quest
                  | for the Orb.
     0 | D:1      | Reached XP level 1. HP: 10/10 MP: 3/3
   287 | D:1      | Reached XP level 2. HP: 15/15 MP: 1/5
   290 | D:1      | Learned a level 2 spell: Scorch
   604 | D:1      | Found Ymuilaad's Jewellery Emporium.
  1138 | D:2      | Reached XP level 3. HP: 19/19 MP: 3/6
  1142 | D:2      | Learned a level 3 spell: Kindle Blastsparks
  1177 | D:2      | Identified the -2 cloak "Peffunau" {Will- Str+3 Dex+2}
  1300 | D:2      | Found a glowing golden altar of the Shining One.
  1540 | D:2      | Found the +5 Storm Queen's Shield {shock, Fly rElec}
  1666 | D:3      | Noticed an ogre
  1678 | D:2      | Slain by an ogre

Illustrated notes

Levels and vault maps discovered:
D:1:      ldierk_walled_garden_2, layout_loops_ring, serial_shops,
          nicolae_shop_crystal, ebering_dispersal_statue_hall,
          minmay_misc_feat_chi, hangedman_abyss_or_decor_lesser_grid
D:2:      layout_rooms, basic_altar
D:3:      layout_basic, chequers_temple_overflow_minitemple,
          mainiacjoe_overflow_24_doors, mainiacjoe_overflow_large_starburst,
          ebering_ghost_disaster_area, st_stairs_2

Action                     || total
---------------------------++-------
  Melee: Unarmed           ||     3
         Whip              ||     4
   Cast: Foxfire           ||    55
         Scorch            ||     1
 Armour: Robe              ||     4
  Dodge: Dodged            ||    10

Table legend: (Time is in decaauts)
 A = Elapsed time spent in this place.
 B = Non-inter-level travel time spent in this place.
 C = Inter-level travel time spent in this place.
 D = Time resting spent in this place.
 E = Time spent auto-exploring this place.
 F = Levels seen in this place.
 G = Mean time per level.
                   A        B        C        D        E       F      G
               +--------+--------+--------+--------+--------+-----+--------+
         Total |   1678 |   1613 |     65 |     18 |   1369 |   3 |  559.3 |
       Dungeon |   1678 |   1613 |     65 |     18 |   1369 |   3 |  559.3 |
               +--------+--------+--------+--------+--------+-----+--------+

Top non-repeatable levels by time:
     D:1: 984 daAuts
     D:2: 684 daAuts
     D:3: 9 daAuts
